 Dungeon Crawl Stone Soup version 0.26-a0-64-g059e62fbdb (webtiles) character file.

Game seed: 15626061214166728316

84 vurker the Cutter (level 4, -1/30 HPs)
             Began as a Halfling Skald on June 11, 2020.
             Slain by Crazy Yiuf
             ... wielding a +2 quarterstaff of chaos
              (2 damage)
             ... on level 2 of the Dungeon.
             The game lasted 00:03:16 (2337 turns).

vurker the Cutter (Halfling Skald)                  Turns: 2337, Time: 00:03:17

Health: -1/30      AC:  8    Str: 13    XL:     4   Next: 74%
Magic:  5/6        EV:  9    Int: 11    God:
Gold:   78         SH:  0    Dex: 13    Spells: 5/6 levels left

rFire    . . .     SeeInvis .   a - +0 short sword
rCold    . . .     Gourm    .   (shield restricted)
rNeg     . . .     Faith    .   j - +0 chain mail
rPois    .         Spirit   .   (no helmet)
rElec    .         Reflect  .   (no cloak)
rCorr    .         Harm     .   (no gloves)
MR       .....                  (no boots)
Stlth    ..........             (no amulet)
HPRegen  0.10/turn              (no ring)
MPRegen  0.10/turn              (no ring)

@: no status effects
A: small, mutation resistance 1
a: no special abilities


You were on level 2 of the Dungeon.
You were near starving.

You visited 1 branch of the dungeon, and saw 2 of its levels.

You collected 78 gold pieces.

Inventory:

Hand Weapons
 a - a +0 short sword (weapon)
Armour
 c - a +0 kite shield
   (You found it on level 2 of the Dungeon)
 j - a +0 chain mail (worn)
   (You found it on level 2 of the Dungeon)
Scrolls
 d - 4 scrolls of identify {unknown}
 h - 4 scrolls of remove curse {unknown}
 l - a scroll of teleportation {unknown}
Potions
 b - a potion of resistance {unknown}
 f - 2 potions of cancellation {unknown}
 g - a potion of curing {unknown}
 i - a potion of heal wounds {unknown}
 k - a potion of haste {unknown}
Comestibles
 e - 4 rations


   Skills:
 + Level 2.3 Fighting
 * Level 4.0 Short Blades
 + Level 2.2 Armour
 + Level 2.9 Dodging
 - Level 1.5 Spellcasting
 - Level 3.2 Charms


You had 5 spell levels left.
You knew the following spells:

 Your Spells              Type           Power        Failure   Level  Hunger
a - Infusion              Chrm           #...         94%         1    ##.....

Your spell library contained the following spells:

 Spells                   Type           Power        Failure   Level  Hunger
 Song of Slaying          Chrm           #.......     98%         2    ###....
 Shroud of Golubria       Chrm/Tloc      #.....       100%        2    ###....
 Ozocubu's Armour         Chrm/Ice       #.......     100%        3    ####...
 Spectral Weapon          Hex/Chrm       #.......     100%        3    ####...


Dungeon Overview and Level Annotations

Branches:
Dungeon (2/15)

Altars:

Annotations:
D:2 Crazy Yiuf


Innate Abilities, Weirdness & Mutations

You are small and have problems with some larger weapons.
You are somewhat resistant to further mutation.


Message History

You hit the adder.
You kill the adder!
Your Short Blades skill increases to level 4!
You feel sick.
You feel sick.
You feel sick.
You feel sick.
You feel sick.
You feel sick.
You are no longer poisoned.
An adder comes into view.
There is an escape hatch in the ceiling here.
A mysterious force pulls you upwards. The hatch slams shut behind you.
There is an open door here.
There is an open door here.
There is a stone staircase leading down here.
You climb downwards.
There is a stone staircase leading up here.
You are feeling hungry.
Found an escape hatch in the floor.
Things that are here:
a +0 club; a hobgoblin skeleton You are feeling very hungry.
Found a mace.
Crazy Yiuf shouts!
Crazy Yiuf twirls on the spot.
Crazy Yiuf waves his quarterstaff at you.
You see here 21 bolts.
Found a bubbling blue potion.
g - a bubbling blue potion You enter the shallow water.
Moving in this stuff is going to be slow.
You see here a +0 club.
You enter the shallow water.
Moving in this stuff is going to be slow.
You are near starving!
Crazy Yiuf shouts!
You open the door. You hit Crazy Yiuf.
Crazy Yiuf hits you with a +2 quarterstaff of chaos.
You feel your power leaking away.
You closely miss Crazy Yiuf.
Crazy Yiuf hits you with a +2 quarterstaff of chaos!
You are electrocuted!
Ouch! That really hurt!
* * * LOW HITPOINT WARNING * * *
You aren't carrying any items that you can evoke.
You hit Crazy Yiuf.
Crazy Yiuf hits you with a +2 quarterstaff of chaos.
You die...

PP.P≈.PP#........##.#
.........>###########
########..# #..#
##### ########..#
#)..# ..........##
#...# #########..#
... ############ #g#
...........# ♣@♣♣
##########.# ♣♣.♣ #
#.# ♣.♣♣ # #.# ♣♣.♣ #
#.# ♣♣.♣♣ # #.#
♣♣...♣ #.# ♣....♣ #.#
##..## #.####....#


You could see Crazy Yiuf.

Vanquished Creatures
  4 adders (D:2)
  A dart slug (D:1)
  A ball python (D:1)
  2 giant cockroaches (D:1)
  A goblin (D:2)
  8 hobgoblins
  11 jackals (D:1)
  5 bats
  3 frilled lizards
  2 kobolds (D:1)
  7 rats
45 creatures vanquished.

Notes
Turn   | Place    | Note
-------+----------+-------------------------------------------
     0 | D:1      | vurker the Halfling Skald began the quest for the Orb.
     0 | D:1      | Reached XP level 1. HP: 14/14 MP: 3/3
   174 | D:1      | Reached XP level 2. HP: 19/19 MP: 4/4
   334 | D:1      | Reached skill level 3 in Short Blades
   557 | D:1      | Reached XP level 3. HP: 21/24 MP: 5/5
  1246 | D:2      | Reached XP level 4. HP: 28/29 MP: 6/6
  1834 | D:2      | Reached skill level 4 in Short Blades
  2142 | D:2      | Found a runed translucent door.
  2143 | D:2      | Noticed Crazy Yiuf
  2336 | D:2      | HP: 1/30 [Crazy Yiuf/+2 quarterstaff of chaos (15)]
  2337 | D:2      | Slain by Crazy Yiuf

Illustrated notes

Levels and vault maps discovered:
D:1:      dpeg_arrival_boxes_within_box, layout_loops_corners,
          grunt_decor_fettered
D:2:      layout_loops_ring, serial_bayou_lagoon_a, uniq_crazy_yiuf_cottage

Skill      XL: |  1  2  3  4 |
---------------+-------------+-----
Fighting       | 2 |  2.3
Short Blades   | 3 4 |  4.0
Armour         | 2 |  2.2
Dodging        | |  2.9
Spellcasting   | |  1.5
Charms         | |  3.2

Action                   |  1- 3 |  4- 6 || total
-------------------------+-------+-------++-------
Melee: Short sword       |   131 |    74 ||   205
  Eat: Chunk             |     1 |     2 ||     3
Armor: Leather armour    |     4 |       ||     4
       Ring mail         |    28 |       ||    28
       Chain mail        |     4 |    25 ||    29
Dodge: Dodged            |   108 |    35 ||   143

Table legend:
 A = Non-vault XP
 B = Vault XP
 C = Vault XP percentage of total XP
 D = Non-vault monster count
 E = Vault monster count
 F = Vault count percentage of total count
                 A         B        C        D         E       F
            +---------+---------+-------+---------+---------+-------
      Total |     121 |       0 |   0.0 |      45 |       0 |   0.0
            +---------+---------+-------+---------+---------+-------
        D:1 |      51 |       0 |   0.0 |      29 |       0 |   0.0
        D:2 |      70 |       0 |   0.0 |      16 |       0 |   0.0
            +---------+---------+-------+---------+---------+-------
